 Dungeon Crawl Stone Soup version 0.23.2-30-g0e89c35649 (webtiles) character file.

Game seed: 15400040793404321077

437 vaevictae the Ruffian (level 6, -1/55 HPs)
             Began as a Troll Wizard on June 11, 2019.
             Slain by an adder (3 damage)
             ... on level 4 of the Dungeon.
             The game lasted 00:06:29 (3301 turns).

vaevictae the Ruffian (Troll Wizard)                Turns: 3301, Time: 00:06:30

Health: -1/55      AC:  7    Str: 18 (21) XL:     6   Next: 69%
Magic:  9/9        EV:  9    Int: 15 (16) God:
Gold:   90         SH:  0    Dex:  6 (8)  Spells: 5/10 levels left

rFire    + . .     SeeInvis .     - Unarmed
rCold    . . .     Gourm    +   (no shield)
rNeg     . . .     Faith    .   a - +0 robe
rPois    .         Spirit   .   b - +0 hat
rElec    .         Reflect  .   g - +0 cloak
rCorr    .         Harm     .   (gloves unavailable)
MR       .....                  (boots unavailable)
Stlth    +.........             (no amulet)
HPRegen  0.58/turn              n - ring of protection from fire
MPRegen  0.11/turn              (no ring)

@: mighty, hasted, very quick
A: large, unfitting armour, claws 3, fast metabolism 3, gourmand, regeneration
1, shaggy fur 1, tough skin 3
a: no special abilities


You were on level 4 of the Dungeon.
You were very full.

You visited 1 branch of the dungeon, and saw 4 of its levels.

You collected 90 gold pieces.

Inventory:

Armour
 a - a +0 robe (worn)
 b - a +0 hat (worn)
 g - a +0 cloak (worn)
Jewellery
 n - a ring of protection from fire (left claw)
Scrolls
 e - 2 scrolls of identify {unknown}
 h - a scroll of enchant weapon {unknown}
 j - a scroll of noise {unknown}
 k - 3 scrolls of immolation {unknown}
 l - a scroll of enchant armour {unknown}
Potions
 f - 3 potions of might
 i - 3 potions of degeneration
 o - 2 potions of agility {unknown}
Comestibles
 d - 11 rations
 p - a chunk of flesh


   Skills:
 + Level 1.0 Fighting
 - Level 1.5 Dodging
 - Level 1.0 Stealth
 + Level 3.8 Unarmed Combat
 * Level 2.7 Spellcasting
 * Level 1.8 Conjurations
 * Level 1.9 Summonings
 * Level 1.9 Translocations


You had 5 spell levels left.
You knew the following spells:

 Your Spells              Type           Power        Failure   Level  Hunger
a - Magic Dart            Conj           #...         10%         1    #......
b - Blink                 Tloc           N/A          14%         2    ##.....
c - Call Imp              Summ           #.......     14%         2    ##.....

Your spell library contained the following spells:

 Spells                   Type           Power        Failure   Level  Hunger
 Slow                     Hex            #.......     30%         2    ##.....
 Conjure Flame            Conj/Fire      #.......     38%         3    ###....
 Mephitic Cloud           Conj/Pois/Air  #.......     43%         3    ###....


Dungeon Overview and Level Annotations

Branches:
Dungeon (4/15)
 Temple: D:4-7

Altars:
Sif Muna

Annotations:
D:1 Sigmund


Innate Abilities, Weirdness & Mutations

You are too large for most types of armour.
You have claws for hands.
Your metabolism is lightning-fast.
You like to eat raw meat.
Your natural rate of healing is unusually fast.
You are covered in fur. (AC +1)
You have extremely tough skin. (AC +3)


Message History

You barely miss the adder. Something hits you but does no damage.
The adder bites you.
* * * LOW HITPOINT WARNING * * *
You scratch the adder but do no damage. Something hits you.
* * * LOW HITPOINT WARNING * * *
The adder bites you but does no damage.
You feel yourself speed up.
An orc wizard appears from thin air!
Reactivating autopickup.
The adder barely misses you.
The orc wizard hits you with a +0 dagger.
* * * LOW HITPOINT WARNING * * *
It was a potion of might.
You feel very mighty all of a sudden. The adder closely misses you.
The orc wizard hits you but does no damage.
It was a potion of degeneration.
There was something very wrong with that liquid.
You feel weakened.
You feel dopey.
You feel clumsy. The adder bites you.
You die...

##......>..##
###..#.#...#.##
####..........##.##
..................#
.................)#
................####
.##..........#....>#
............#####.#.#.###+#
#.........@S## ##.###..>...
....%.#..)o.###...........
###....####.).###..........
#......####††......).......
#......##..........[.......
#......†.%####.....))[.....
#..#.......# ##............
#.........# ##............
#.....#..### #.............


You could see an orc wizard and an adder.

Vanquished Creatures
  A sky beast (D:3)
  A howler monkey (D:4)
  2 orc priests (D:4)
  Jessica (D:2)
  A worker ant (D:4)
  Terence (D:2)
  A hound skeleton (D:4)
  Robin (D:3)
  5 adders
  A worm (D:3)
  4 leopard geckos
  9 orcs
  A giant cockroach (D:4)
  14 goblins
  11 hobgoblins
  6 jackals
  2 quokkas
  2 ball pythons (D:3)
  7 bats
  5 frilled lizards
  15 kobolds
  8 rats
99 creatures vanquished.

Notes
Turn   | Place    | Note
-------+----------+-------------------------------------------
     0 | D:1      | vaevictae the Troll Wizard began the quest for the Orb.
     0 | D:1      | Reached XP level 1. HP: 16/16 MP: 2/2
   422 | D:1      | Reached XP level 2. HP: 24/24 MP: 4/4
   426 | D:1      | Learned a level 2 spell: Blink
   429 | D:1      | Learned a level 2 spell: Call Imp
  1153 | D:2      | Noticed Sigmund
  1160 | D:2      | Noticed Jessica
  1228 | D:1      | Reached XP level 3. HP: 29/31 MP: 5/5
  1331 | D:2      | Killed Jessica
  1331 | D:2      | Reached skill level 1 in Unarmed Combat
  1331 | D:2      | Reached skill level 1 in Conjurations
  1331 | D:2      | Reached skill level 1 in Summonings
  1331 | D:2      | Reached skill level 1 in Translocations
  1336 | D:2      | Found a deep blue altar of Sif Muna.
  1494 | D:2      | Noticed Terence
  1512 | D:2      | Killed Terence
  1512 | D:2      | Reached XP level 4. HP: 34/39 MP: 6/6
  2382 | D:3      | Noticed a sky beast
  2397 | D:3      | Killed a sky beast
  2397 | D:3      | Reached skill level 2 in Unarmed Combat
  2397 | D:3      | Reached XP level 5. HP: 46/46 MP: 7/7
  2402 | D:3      | Noticed Robin
  2582 | D:3      | Killed Robin
  2726 | D:3      | Reached skill level 3 in Unarmed Combat
  3152 | D:4      | Reached XP level 6. HP: 53/54 MP: 8/8
  3259 | D:4      | Reached skill level 1 in Fighting
  3299 | D:4      | HP: 1/55 [orc wizard/+0 dagger (3)]
  3301 | D:4      | Slain by an adder

Skill      XL: |  1  2  3  4  5  6 |
---------------+-------------------+-----
Unarmed Combat | 1 2 3 |  3.8
Conjurations   | 1 |  1.8
Summonings     | 1 |  1.9
Translocations | 1 |  1.9
Fighting       | 1 |  1.0
Dodging        | |  1.5
Stealth        | |  1.0
Spellcasting   | |  2.7

Action                   |  1- 3 |  4- 6 || total
-------------------------+-------+-------++-------
Melee: Unarmed           |   110 |   262 ||   372
       Punch             |       |     2 ||     2
  Use: Potion            |     1 |     6 ||     7
 Stab: Sleeping          |     1 |       ||     1
  Eat: Chunk             |    11 |    21 ||    32
       Ration            |     1 |       ||     1
Armor: Robe              |    60 |   160 ||   220
Dodge: Dodged            |    41 |   141 ||   182
